 Dungeon Crawl Stone Soup version 0.19.4 (webtiles) character file.

211 JeffiDaFish the Shield-Bearer (level 5, 0/33 HPs)
             Began as a Gargoyle Fighter on Feb 3, 2017.
             Was an Initiate of Kikubaaqudgha.
             Killed from afar by an orc wizard (8 damage)
             ... with a magic dart
             ... on level 4 of the Dungeon.
             The game lasted 00:05:49 (2252 turns).

JeffiDaFish the Shield-Bearer (Gargoyle Fighter)    Turns: 2252, Time: 00:05:50

Health: 0/33       AC: 11    Str: 20      XL:     5   Next: 88%
Magic:  5/5        EV:  8    Int:  7 (8)  God:    Kikubaaqudgha [......]
Gold:   132        SH: 10    Dex: 13      Spells: 1 memorised, 3 levels left

rFire  . . .     SeeInvis .     a - +1 flail
rCold  . . .     Gourm    .     b - +0 scale mail
rNeg   + . .     Faith    .     c - +0 shield
rPois  ∞         Spirit   .     (no helmet)
rElec  +         Reflect  .     (no cloak)
rCorr  .         Harm     .     (no gloves)
MR     .....                    (no boots)
Stlth  ..........               (no amulet)
                                (no ring)
                                j - +3 ring of dexterity

@: no status effects
A: negative energy resistance 1, electricity resistance, unbreathing,
petrification resistance, rot immunity, AC +4
a: Renounce Religion


You were on level 4 of the Dungeon.
You worshipped Kikubaaqudgha.
Kikubaaqudgha was noncommittal.
You were not hungry.

You visited 1 branch of the dungeon, and saw 4 of its levels.

You collected 132 gold pieces.

Inventory:

Hand Weapons
 a - a +1 flail (weapon)
Armour
 b - a +0 scale mail (worn)
 c - a +0 shield (worn)
Jewellery
 j - a +3 ring of dexterity (left hand)
Scrolls
 e - 6 scrolls of identify
Potions
 m - a potion of might
Books
 g - Kikubaaqudgha's Catalogue of Evil
   (You found it on level 3 of the Dungeon)

   Spells                             Type                      Level
   a - Pain                           Necromancy                   1
Comestibles
 d - a beef jerky
 f - 3 bread rations
 h - 11 fruits
 i - a meat ration
 l - a slice of pizza


   Skills:
 * Level 4.2 Fighting
 * Level 3.2 Maces & Flails
 * Level 4.2 Armour
 - Level 1.0 Dodging
 * Level 4.5 Shields
 + Level 0.3 Spellcasting
 + Level 0.1 Necromancy


You had 3 spell levels left.
You knew the following spells:

 Your Spells              Type           Power        Failure   Level  Hunger
a - Pain                  Necr           #...         100%        1    ##.....


Dungeon Overview and Level Annotations

Branches:
Dungeon (4/15)
 Temple: D:4-7

Altars:
Gozag
Kikubaaqudgha
Sif Muna
Vehumet

Annotations:
D:4 daryashkoh's ghost, amateur MiAK


Innate Abilities, Weirdness & Mutations

You are resistant to torment.
Your stone body is resilient. (AC +4)
You are immune to poison.
You resist negative energy. (rN+)
You are resistant to electric shocks. (rElec)
You can survive without breathing.
You are immune to petrification.
You are immune to rotting.


Message History

Your shield and scale mail prevent you from hitting the orc wizard.
The orc wizard is lightly wounded.
The orc wizard hits you with a dagger.
* * * LOW HITPOINT WARNING * * *
You block the orc wizard's attack.
You barely miss the orc wizard.
The orc wizard is lightly wounded.
The gnoll shaman shouts!
You hear a shout!
The orc wizard hits you with a dagger.
* * * LOW HITPOINT WARNING * * *
The orc wizard hits you but does no damage.
You barely miss the orc wizard.
The orc wizard is lightly wounded.
The orc wizard hits you but does no damage.
You barely miss the orc wizard.
The orc wizard is lightly wounded.
The orc wizard gestures at you while chanting.
The magic dart hits you!
You die...
Kikubaaqudgha rasps: "You have failed me!
Welcome... oblivion!"

#..# og.#. #..# ## #.#.#
#..######## ##. #.#.#
........... ...#.#.#
..........# #.#.#.###
....#####.. #..>...# ....#
##g...?# ..#.# ##oo....# ###.#
#@##....# .##.#
#.###....#####. ..#.###### ##
#..........# .......!.#
#....#####.# ....####<#
#######..#.#####.# ......<..#
#................#
....####.####.#####..#.#####.#
...## #.............#.# ..##
#.####.######.#.#


You could see a gnoll shaman, an orc wizard and an orc.

Vanquished Creatures
  The ghost of JeffiDaFish the Stinger, an amateur DsVM (D:3)
  A hound (D:3)
  An iguana (D:3)
  A worker ant (D:4)
  3 adders
  A leopard gecko (D:1)
  3 orcs
  A ball python (D:2)
  2 giant cockroaches (D:3)
  2 goblins (D:3)
  2 hobgoblins
  2 jackals (D:3)
  2 kobolds (D:3)
  4 bats
  A frilled lizard (D:3)
  A jackal skeleton (D:4)
  2 rats
30 creatures vanquished.

Notes
Turn   | Place    | Note
-------+----------+-------------------------------------------
     0 | D:1      | JeffiDaFish the Gargoyle Fighter began the quest for the Orb.
     0 | D:1      | Reached XP level 1. HP: 14/14 MP: 1/1
   102 | D:1      | You fall through a shaft!
   216 | D:2      | Reached XP level 2. HP: 15/19 MP: 2/2
   572 | D:2      | Reached XP level 3. HP: 21/23 MP: 3/3
   719 | D:3      | Noticed JeffiDaFish's ghost (amateur DsVM)
   735 | D:3      | Killed JeffiDaFish's ghost
   735 | D:3      | Reached XP level 4. HP: 27/29 MP: 4/4
   749 | D:3      | Reached XP level 5. HP: 33/33 MP: 5/5
   854 | D:3      | Found a faded altar of an unknown god.
   874 | D:3      | Reached skill level 1 in Dodging
  1101 | D:3      | Found an opulent altar of Gozag.
  1343 | D:3      | Found an ancient bone altar of Kikubaaqudgha.
  1351 | D:3      | Found a deep blue altar of Sif Muna.
  1352 | D:3      | Found a radiant altar of Vehumet.
  1355 | D:3      | Identified Kikubaaqudgha's Catalogue of Evil
  1358 | D:3      | Became a worshipper of Kikubaaqudgha
  1361 | D:3      | Learned a level 1 spell: Pain
  1541 | D:4      | Noticed daryashkoh's ghost (amateur MiAK)
  2252 | D:4      | Killed from afar by an orc wizard

Skill      XL: |  1  2  3  4  5 |
---------------+----------------+-----
Armour         | 4 |  4.2
Shields        | 4 |  4.5
Maces & Flails | 3 |  3.2
Dodging        | 1 |  1.0
Fighting       | 4 |  4.2
Spellcasting   | |  0.3
Necromancy     | |  0.1

Action                   |  1- 3 |  4- 6 || total
-------------------------+-------+-------++-------
Melee: Flail             |    53 |   105 ||   158
  Use: Potion            |     4 |     1 ||     5
       Scroll            |     3 |     4 ||     7
  Eat: Chunk             |       |     5 ||     5
Armor: Scale mail        |    37 |    66 ||   103
Dodge: Dodged            |    20 |    39 ||    59
Block: Shield            |    39 |    68 ||   107
